 Dungeon Crawl Stone Soup version 0.30-a0-862-g1aabd4f9c5 (webtiles) character file.

Game seed: 1240503937556103333

439 BigDaddyOpFi the Magician (level 6, -3/22 (32) HPs)
             Began as a Deep Elf Earth Elementalist on Mar 9, 2023.
             Was an Initiate of Vehumet.
             Slain by Edmund
             ... wielding a +3 flail of draining
              (5 damage)
             ... on level 4 of the Dungeon.
             The game lasted 00:05:50 (3591 turns).

BigDaddyOpFi the Magician (DEEE)                    Turns: 3591, Time: 00:05:50

HP:   -3/22 (32)    AC:  4    Str:  5    XL:     6   Next: 70%
MP:   15/15         EV: 13    Int: 22    God:    Vehumet [......]
Gold: 220           SH:  0    Dex: 15    Spells: 8/15 levels left

rFire   . . .      SeeInvis .    n - +0 dagger
rCold   + . .      Faith    .    (no shield)
rNeg    . . .      Spirit   .    a - +0 robe
rPois   .          Reflect  .    (no helmet)
rElec   .          Rampage  .    (no cloak)
rCorr   .                        r - +0 pair of gloves
Will    .....                    m - +0 pair of boots
Stlth   ++                       (no amulet)
HPRegen 0.23/turn                p - ring of protection from cold
MPRegen 0.14/turn                (no ring)

@: sluggish, very heavily drained, very slow
A: no striking features
a: Renounce Religion


You were on level 4 of the Dungeon.
You worshipped Vehumet.
Vehumet was noncommittal.
You visited 2 branches of the dungeon, and saw 5 of its levels.

You collected 220 gold pieces.

Inventory:

Hand Weapons
 n - a +0 dagger (weapon)
Armour
 a - a +0 robe (worn)
 m - a +0 pair of boots (worn)
 r - a +0 pair of gloves (worn)
Jewellery
 i - an amulet of faith
 p - a ring of protection from cold (left hand)
Wands
 o - a wand of flame (31)
Scrolls
 c - 2 scrolls of teleportation
 d - a scroll of magic mapping
 h - 2 scrolls of fog
 l - a scroll of identify
 u - a scroll of blinking {unknown}
Potions
 e - a potion of resistance {unknown}
 f - a potion of brilliance {unknown}
 g - a potion of lignification
 j - 2 potions of mutation {unknown}
 k - 2 potions of cancellation {unknown}
 q - a potion of might {unknown}
 t - a potion of heal wounds {unknown}


   Skills:
 - Level 2.9 Dodging
 - Level 3.0 Stealth
 + Level 5.0 Spellcasting
 + Level 3.6 Conjurations
 + Level 3.3 Transmutations
 * Level 1.8 Air Magic
 + Level 4.6 Earth Magic


You had 8 spell levels left.
You knew the following spells:

 Your Spells              Type           Power      Damage    Failure   Level
a - Sandblast             Erth           50%        2d12      1%          1
b - Stone Arrow           Conj/Erth      46%        3d9       5%          3
c - Swiftness             Air            13%        N/A       14%         3

Your spell library contained the following spells:

 Spells                   Type           Power      Damage    Failure   Level
 Passwall                 Tmut/Erth      19%        N/A       3%          2
 Ensorcelled Hibernation  Hex/Ice        10%        N/A       16%         2
 Petrify                  Tmut/Erth      23%        N/A       21%         4


Dungeon Overview and Level Annotations

Branches:
Dungeon (4/15)             Temple (1/1) D:4

Altars:
Ashenzari
Cheibriados
Elyvilon
Kikubaaqudgha
Nemelex Xobeh
Ru
Sif Muna
Uskayaw
Vehumet
Wu Jian
The Shining One

Shops:
D:3 *

Annotations:
D:4 Edmund


Message History

The stone arrow hits Edmund!!
Edmund is severely wounded.
You feel sluggish.
Casting: Stone Arrow (dangerous; 5% risk of failure)
Confirm with . or Enter, or press ? or * to list all spells.
Aiming: Stone Arrow (dangerous; 5% risk of failure)
Press: ? - help, Shift-Dir - straight line, f/p - Edmund
Aim: Edmund, wielding a +3 flail of draining and wearing a +0 ring mail (severely wounded, 75% to hit)
You miscast Stone Arrow.
You are very lightly contaminated with residual magic.
Nothing appears to happen.
Edmund attacks as you move away! Edmund barely misses you.
Edmund attacks as you move away! Edmund misses you.
Edmund hits you with a +3 flail of draining!
You feel drained. Edmund attacks as you move away!
Edmund hits you with a +3 flail of draining.
You feel drained.
* * * LOW HITPOINT WARNING * * *
You start to feel a little faster.
Your magical contamination has completely faded away.
Edmund hits you with a +3 flail of draining.
* * * LOW HITPOINT WARNING * * *
You feel drained.
* * * LOW HITPOINT WARNING * * *
You feel better.
Edmund hits you with a +3 flail of draining.
* * * LOW HITPOINT WARNING * * *
You feel drained.
You feel better.
Edmund hits you with a +3 flail of draining.
You feel drained.
Casting: Stone Arrow (quite dangerous; 5% risk of failure)
Confirm with . or Enter, or press ? or * to list all spells.
You don't have enough magic to cast this spell.
Magic courses through your body.
Edmund hits you with a +3 flail of draining!
* * * LOW HITPOINT WARNING * * *
You feel drained.
You die...

##...~.......[........#..#
.....~.......~...####....##
.....~...>...~...## ###...#
.....~.......~....# #.#.##
.....~.......~....# #....#####
....#~#.....#~#...######.......#
....#~~~~~~~~~#................##
###.###.....###.####.............
#.............@@o..###......###
########....######## #......# #
###### ########


You could see Edmund and an orc.

Vanquished Creatures
  3 hounds (D:4)
  2 jellies (D:4)
  2 orc priests (D:3)
  An iguana (D:4)
  3 orc wizards (D:4)
  4 adders
  A worm (D:2)
  A dart slug (D:3)
  20 orcs
  3 endoplasms
  4 giant cockroaches
  4 goblins
  8 hobgoblins
  3 quokkas
  4 ball pythons
  8 bats
  4 frilled lizards
  6 kobolds
  6 rats
87 creatures vanquished.

Notes
Turn   | Place    | Note
-------+----------+-------------------------------------------
     0 | D:1      | BigDaddyOpFi the Deep Elf Earth Elementalist began the
                  | quest for the Orb.
     0 | D:1      | Reached XP level 1. HP: 10/10 MP: 6/6
   125 | D:1      | Reached XP level 2. HP: 15/15 MP: 6/8
   827 | D:2      | Reached XP level 3. HP: 19/19 MP: 4/9
   831 | D:2      | Learned a level 3 spell: Stone Arrow
  1068 | D:2      | Found a glowing golden altar of the Shining One.
  1171 | D:2      | Reached skill level 1 in Conjurations
  1404 | D:3      | Reached XP level 4. HP: 24/24 MP: 8/11
  1701 | D:3      | Reached skill level 4 in Spellcasting
  1947 | D:3      | Found Orubushid's General Store.
  1990 | D:3      | Reached XP level 5. HP: 13/28 MP: 7/13
  2798 | D:4      | Reached XP level 6. HP: 26/32 MP: 7/15
  2816 | D:4      | Learned a level 3 spell: Swiftness
  2923 | D:4      | Found a sacrificial altar of Ru.
  2924 | D:4      | Found an ornate altar of the Wu Jian Council.
  2924 | D:4      | Found a hide-covered altar of Uskayaw.
  3010 | D:4      | Found a staircase to the Ecumenical Temple.
  3040 | D:4      | Reached skill level 1 in Air Magic
  3067 | Temple   | Entered the Ecumenical Temple
  3282 | Temple   | Became a worshipper of Vehumet
  3331 | D:4      | Found a glowing golden altar of the Shining One.
  3382 | D:4      | Found a broken altar of Ashenzari.
  3429 | D:4      | Reached skill level 5 in Spellcasting
  3553 | D:4      | Noticed Edmund
  3588 | D:4      | HP: 1/25 [Edmund/+3 flail of draining (2)]
  3591 | D:4      | Slain by Edmund

Illustrated notes

Levels and vault maps discovered:
D:1:      dpeg_arrival_solitude, layout_rooms
D:2:      layout_rooms, basic_altar, hangedman_abyss_or_decor_stabs
D:3:      layout_loops_ring, serial_shops, nicolae_lakefront_shop,
          columned_hall_lemuel
D:4:      layout_rooms, mainiacjoe_overflow_chevrons,
          nicolae_overflow_quartered_altars, minmay_temple_entry_water_ring,
          uniq_edmund
Temple:   nicolae_temple_slightly_damp_pantheon

Skill      XL: |  1  2  3  4  5  6 |
---------------+-------------------+-----
Stealth        | 3 |  3.0
Conjurations   | 1 2 3 |  3.6
Transmutations | 2 3 |  3.3
Spellcasting   | 4 5 |  5.0
Earth Magic    | 4 |  4.6
Air Magic      | 1 |  1.8
Dodging        | |  2.9

Action                     |  1- 3 |  4- 6 || total
---------------------------+-------+-------++-------
  Melee: Unarmed           |     1 |       ||     1
         Dagger            |       |     4 ||     4
   Cast: Sandblast         |    54 |    75 ||   129
         Stone Arrow       |       |    11 ||    11
         Swiftness         |       |     1 ||     1
    Use: Scroll            |     7 |       ||     7
         Potion            |       |     6 ||     6
 Armour: Robe              |     4 |    10 ||    14
         Skin              |       |    23 ||    23
  Dodge: Dodged            |    12 |    48 ||    60

Table legend: (Time is in decaauts)
 A = Elapsed time spent in this place.
 B = Non-inter-level travel time spent in this place.
 C = Inter-level travel time spent in this place.
 D = Time resting spent in this place.
 E = Time spent auto-exploring this place.
 F = Levels seen in this place.
 G = Mean time per level.
                   A        B        C        D        E       F      G
               +--------+--------+--------+--------+--------+-----+--------+
         Total |   3654 |   3528 |    126 |    514 |   2411 |   5 |  730.8 |
       Dungeon |   3425 |   3313 |    112 |    378 |   2344 |   4 |  856.2 |
        Temple |    229 |    215 |     14 |    136 |     67 |   1 |  229.0 |
               +--------+--------+--------+--------+--------+-----+--------+

Top non-repeatable levels by time:
     D:3: 1280 daAuts
     D:1: 796 daAuts
     D:4: 719 daAuts
     D:2: 629 daAuts
  Temple: 229 daAuts
